 Dungeon Crawl Stone Soup version 0.29.1-13-g9f3cf754e1 (webtiles) character file.

Game seed: 7238747436567740333

44 Heoruswealwe the Grave Robber (level 3, 0/19 HPs)
             Began as a Deep Elf Necromancer on Feb 1, 2023.
             Slain by a frilled lizard (1 damage)
             ... on level 2 of the Dungeon.
             The game lasted 00:19:46 (3087 turns).

Heoruswealwe the Grave Robber (DENe)                Turns: 3087, Time: 00:19:46

Health: 0/19       AC:  2    Str:  2 (5)  XL:     3   Next: 39%
Magic:  10/10      EV: 12    Int: 18 (21) God:
Gold:   69         SH:  0    Dex: 12 (15) Spells: 8/10 levels left

rFire   . . .      SeeInvis .   (no weapon)
rCold   . . .      Faith    .   (no shield)
rNeg    . . .      Spirit   .   a - +0 robe
rPois   .          Reflect  .   (no helmet)
rElec   .          Harm     .   (no cloak)
rCorr   .          Rampage  .   (no gloves)
Will    .....                   (no boots)
Stlth   ++........              (no amulet)
HPRegen 0.06/turn               (no ring)
MPRegen 0.12/turn               (no ring)

@: no status effects
A: no striking features
a: no special abilities


You were on level 2 of the Dungeon.
You visited 1 branch of the dungeon, and saw 3 of its levels.

You collected 69 gold pieces.

Inventory:

Hand Weapons
 c - a +0 dagger
 d - a +0 short sword
 i - a +0 club
 j - a +0 dagger
 l - a +0 whip of venom
 m - a +0 club
 r - a +0 dagger
Missiles
 e - 20 stones
 p - 6 javelins
Armour
 a - a +0 robe (worn)
Scrolls
 f - a scroll of teleportation
Potions
 b - a potion of magic


   Skills:
 + Level 2.4 Dodging
 + Level 2.4 Stealth
 + Level 4.0 Spellcasting
 + Level 5.7 Necromancy


You had 8 spell levels left.
You knew the following spells:

 Your Spells              Type           Power      Damage    Failure   Level
a - Necrotise             Necr           96%        1d8       1%          1
b - Magic Dart            Conj           12%        1d3       14%         1

Your spell library contained the following spells:

 Spells                   Type           Power      Damage    Failure   Level
 Vampiric Draining        Necr           24%        2d7       4%          3
 Animate Dead             Necr           24%        N/A       14%         4
 Call Imp                 Summ           3%         N/A       22%         2
 Agony                    Necr           24%        N/A       36%         5
 Mephitic Cloud           Conj/Pois/Air  3%         N/A       41%         3


Dungeon Overview and Level Annotations

Branches:
Dungeon (3/15)

Altars:

Shops:
D:1 [

Annotations:
D:2 Sigmund


Message History

The frilled lizard bites you but does no damage.
The frilled lizard bites you. The frilled lizard closely misses you.
The frilled lizard completely misses you.
The frilled lizard misses you.
The frilled lizard completely misses you.
The frilled lizard bites you.
The frilled lizard bites you but does no damage.
The frilled lizard bites you but does no damage.
The frilled lizard closely misses you. The frilled lizard closely misses you.
The frilled lizard bites you but does no damage.
The frilled lizard closely misses you. The frilled lizard bites you.
The frilled lizard bites you. The frilled lizard misses you.
The frilled lizard bites you. The frilled lizard bites you.
* * * LOW HITPOINT WARNING * * *
The frilled lizard closely misses you. The frilled lizard barely misses you.
The frilled lizard misses you. The frilled lizard misses you.
The frilled lizard bites you.
* * * LOW HITPOINT WARNING * * *
The frilled lizard bites you but does no damage.
The frilled lizard bites you but does no damage.
The frilled lizard barely misses you. The frilled lizard closely misses you.
The frilled lizard bites you.
* * * LOW HITPOINT WARNING * * *
The frilled lizard closely misses you. The frilled lizard misses you.
The frilled lizard barely misses you. The frilled lizard bites you.
* * * LOW HITPOINT WARNING * * *
The frilled lizard barely misses you.
The frilled lizard completely misses you.
The frilled lizard bites you.
You die...

#.#####.##..###### #.# #......##
#.# #...#### ##.# #...#
#####..###<.## ......##...##
..........## ###.[
##...###..########......
..#.......##....@l.#
#............#########
##...#.................
......................###### ##
#..###.##.#.................##...
. #.....######... #..$........
#..#### ... #........... .. #.
#...<.{..... ####..# #...........


You could see a frilled lizard.

Vanquished Creatures
  2 endoplasms (D:1)
  3 giant cockroaches (D:1)
  3 goblins (D:1)
  2 hobgoblins (D:1)
  A quokka (D:1)
  3 ball pythons (D:1)
  5 bats
  4 frilled lizards (D:1)
  3 kobolds (D:1)
  3 rats (D:1)
29 creatures vanquished.

Vanquished Creatures (collateral kills)
  An adder (D:2)
  An endoplasm (D:1)
  2 ball pythons (D:1)
4 creatures vanquished.

Grand Total: 33 creatures vanquished

Notes
Turn   | Place    | Note
-------+----------+-------------------------------------------
     0 | D:1      | Heoruswealwe the Deep Elf Necromancer began the quest for
                  | the Orb.
     0 | D:1      | Reached XP level 1. HP: 10/10 MP: 6/6
    46 | D:1      | Reached skill level 5 in Necromancy
   106 | D:1      | Reached XP level 2. HP: 15/15 MP: 1/8
   135 | D:1      | Found Suuvame's Armour Emporium.
   319 | D:1      | Reached XP level 3. HP: 19/19 MP: 7/10
   336 | D:2      | Noticed Sigmund
   974 | D:1      | Learned a level 1 spell: Necrotise
   976 | D:1      | Learned a level 1 spell: Magic Dart
  3087 | D:2      | Slain by a frilled lizard

Illustrated notes

Levels and vault maps discovered:
D:1:      spicycebolla_arrival_xxxplode, layout_basic, serial_shops,
          nicolae_shop_waterfront, dk_noncrumbling_3, grunt_decor_fettered
D:2:      layout_rooms, minmay_misc_feat_tiny, uniq_jessica, uniq_sigmund
D:3:      layout_loops_cross

Skill      XL: |  1  2  3 |
---------------+----------+-----
Necromancy     | 5 |  5.7
Spellcasting   | 4 |  4.0
Dodging        | |  2.4
Stealth        | |  2.4

Action                   || total
-------------------------++-------
 Cast: Necrotise         ||    61
  Use: Scroll            ||     5
       Potion            ||     2
Armor: Robe              ||    11
Dodge: Dodged            ||    30
